[ AOE2 MATCH · #481979726 ]
Team RMKoreans vs Cumans
[ REPLAY ANALYSIS · EXTRACTED FROM THE RECORDED GAME ]
Feudal
16:40
Castle
21:27
Imperial
37:51
| APM avg | 18.1 |
| APM peak | 51 |
| eAPM avg | 9.7 |
| Villagers / military | 93 / 125 |
Focus
⚔️ 34.5% · 🌾 65.5%
War Wagon ×121 · Trade Cart ×18 · Trebuchet (Packed) ×4
Feudal
14:50
Castle
24:08
Imperial
37:29
| APM avg | 30.4 |
| APM peak | 116 |
| eAPM avg | 22.9 |
| Villagers / military | 123 / 323 |
Focus
⚔️ 31.4% · 🌾 68.6%
Knight ×282 · Trade Cart ×27 · Spearman ×25 · Scout Cavalry ×10 · Monk ×3 · Trebuchet (Packed) ×3
Feudal
10:55
Castle
24:10
Imperial
40:08
| APM avg | 15.9 |
| APM peak | 45 |
| eAPM avg | 14.0 |
| Villagers / military | 116 / 651 |
Focus
⚔️ 37.0% · 🌾 63.0%
Spearman ×230 · Scout Cavalry ×148 · Knight ×114 · Skirmisher ×61 · Camel Scout ×51 · Kipchak ×26
Feudal
14:20
Castle
18:35
Imperial
33:07
| APM avg | 22.1 |
| APM peak | 65 |
| eAPM avg | 15.4 |
| Villagers / military | 132 / 323 |
Focus
⚔️ 49.3% · 🌾 50.7%
Knight ×154 · Scout Cavalry ×114 · Boyar ×22 · Scorpion ×16 · Militia ×7 · Mangonel ×3
Feudal
13:29
Castle
25:26
Imperial
41:08
| APM avg | 22.2 |
| APM peak | 48 |
| eAPM avg | 14.8 |
| Villagers / military | 178 / 190 |
Focus
⚔️ 25.3% · 🌾 74.7%
Teutonic Knight ×107 · Knight ×65 · Trade Cart ×46 · Archer ×7 · Monk ×7 · Militia ×4
Feudal
15:02
Castle
27:51
Imperial
37:51
| APM avg | 14.9 |
| APM peak | 49 |
| eAPM avg | 12.6 |
| Villagers / military | 106 / 171 |
Focus
⚔️ 39.8% · 🌾 60.2%
Jaguar Warrior ×102 · Eagle Scout ×51 · Trade Cart ×33 · Mangonel ×18
Feudal
13:06
Castle
16:57
Imperial
32:17
| APM avg | 24.5 |
| APM peak | 61 |
| eAPM avg | 14.7 |
| Villagers / military | 91 / 202 |
Focus
⚔️ 45.1% · 🌾 54.9%
Janissary ×123 · Scout Cavalry ×71 · Bombard Cannon ×7 · Monk ×1
Feudal
14:14
Castle
30:00
Imperial
41:58
| APM avg | 17.5 |
| APM peak | 58 |
| eAPM avg | 9.5 |
| Villagers / military | 80 / 100 |
Focus
⚔️ 34.8% · 🌾 65.2%
Cataphract ×59 · Skirmisher ×32 · Archer ×7 · Monk ×2
Match map
Resources at game start + every placement click. Thick line = wall · dashed box = detected house wall. 🟡 gold · ⚪ stone · 🟢 berries · 🔶 boar · ⭕ relic
Inputs per minute
— PorT_BarroZo - - Voobly
Build order — PorT_BarroZo
First 150 of 333 actions detected
| 0:03 | Research | Loom |
| 0:03 | Create | Villager (Male) |
| 0:03 | Create | Villager (Male) |
| 0:04 | Create | Villager (Male) |
| 0:04 | Create | Villager (Male) |
| 0:04 | Create | Villager (Male) |
| 0:06 | Build | House |
| 0:07 | Build | House |
| 1:54 | Build | House |
| 1:59 | Build | House |
| 2:03 | Create | Villager (Male) |
| 3:25 | Create | Villager (Male) |
| 3:25 | Create | Villager (Male) |
| 3:26 | Create | Villager (Male) |
| 3:26 | Create | Villager (Male) |
| 3:37 | Build | Palisade Gate |
| 3:44 | Create | Villager (Male) |
| 4:21 | Create | Villager (Male) |
| 4:38 | Create | Villager (Male) |
| 5:03 | Create | Villager (Male) |
| 5:25 | Create | Villager (Male) |
| 5:25 | Create | Villager (Male) |
| 5:49 | Create | Villager (Male) |
| 5:49 | Create | Villager (Male) |
| 6:26 | Build | Lumber Camp |
| 7:06 | Create | Villager (Male) |
| 7:06 | Create | Villager (Male) |
| 7:23 | Build | House |
| 7:24 | Build | House |
| 7:29 | Build | Palisade Gate |
| 7:42 | Create | Villager (Male) |
| 7:42 | Create | Villager (Male) |
| 8:11 | Create | Villager (Male) |
| 8:53 | Build | Mill |
| 9:26 | Build | Mill |
| 9:28 | Create | Villager (Male) |
| 9:29 | Create | Villager (Male) |
| 9:36 | Build | Barracks |
| 9:40 | Build | House |
| 9:41 | Build | House |
| 10:45 | Create | Villager (Male) |
| 10:45 | Create | Villager (Male) |
| 10:46 | Create | Villager (Male) |
| 10:46 | Create | Villager (Male) |
| 11:19 | Build | Mining Camp |
| 11:42 | Build | Palisade Gate |
| 11:49 | Build | House |
| 11:52 | Build | House |
| 12:03 | Create | Villager (Male) |
| 12:04 | Create | Villager (Male) |
| 12:04 | Create | Villager (Male) |
| 12:04 | Create | Villager (Male) |
| 12:06 | Create | Villager (Male) |
| 13:16 | Build | Mining Camp |
| 13:48 | Build | Mill |
| 13:55 | Research | Feudal Age |
| 14:33 | Create | Villager (Male) |
| 14:34 | Create | Villager (Male) |
| 16:10 | Create | Villager (Male) |
| 16:40 | Age | Feudal Age |
| 16:42 | Build | Blacksmith |
| 16:44 | Build | Market |
| 17:44 | Create | Villager (Male) |
| 18:25 | Build | Archery Range |
| 18:29 | Build | Palisade Wall |
| 18:32 | Build | Stable |
| 18:47 | Research | Castle Age |
| 18:57 | Build | Farm |
| 18:58 | Build | Farm |
| 19:00 | Build | Farm |
| 19:01 | Build | Farm |
| 19:02 | Build | Farm |
| 19:04 | Build | Farm |
| 19:05 | Build | Farm |
| 19:13 | Build | Farm |
| 19:27 | Build | Farm |
| 19:28 | Build | Farm |
| 19:29 | Build | Farm |
| 19:30 | Build | Farm |
| 19:33 | Build | Farm |
| 19:33 | Build | Farm |
| 19:34 | Build | Farm |
| 19:38 | Research | Horse Collar |
| 20:20 | Research | Double-Bit Axe |
| 21:27 | Age | Castle Age |
| 21:37 | Build | Town Center |
| 21:42 | Create | Villager (Male) |
| 21:43 | Create | Villager (Male) |
| 21:44 | Create | Villager (Male) |
| 21:52 | Build | Castle |
| 22:12 | Create | Villager (Male) |
| 22:49 | Create | Villager (Male) |
| 22:49 | Create | Villager (Male) |
| 22:50 | Create | Villager (Male) |
| 22:52 | Create | Villager (Male) |
| 22:54 | Create | Villager (Male) |
| 23:00 | Build | Farm |
| 23:30 | Research | Thumb Ring |
| 23:37 | Research | Husbandry |
| 23:40 | Build | Farm |
| 23:47 | Create | Villager (Male) |
| 23:52 | Build | Farm |
| 24:27 | Create | Villager (Male) |
| 24:28 | Create | Villager (Male) |
| 24:29 | Create | Villager (Male) |
| 24:29 | Create | Villager (Male) |
| 24:32 | Build | Farm |
| 24:57 | Create | Villager (Male) |
| 24:58 | Create | Villager (Male) |
| 25:04 | Research | Bow Saw |
| 25:07 | Build | Farm |
| 25:16 | Create | Villager (Male) |
| 25:21 | Build | Farm |
| 25:37 | Create | War Wagon |
| 25:37 | Create | War Wagon |
| 25:37 | Create | War Wagon |
| 25:51 | Build | Outpost |
| 26:02 | Build | Castle |
| 26:07 | Build | House |
| 26:11 | Build | House |
| 26:16 | Build | Farm |
| 26:17 | Create | Villager (Male) |
| 26:17 | Create | Villager (Male) |
| 26:18 | Create | Villager (Male) |
| 26:20 | Create | Villager (Male) |
| 26:22 | Create | Villager (Male) |
| 26:22 | Create | Villager (Male) |
| 26:27 | Create | Villager (Male) |
| 26:27 | Create | Villager (Male) |
| 26:58 | Build | Farm |
| 27:00 | Create | Villager (Male) |
| 27:00 | Create | Villager (Male) |
| 27:01 | Create | Villager (Male) |
| 27:04 | Create | Villager (Male) |
| 27:04 | Create | Villager (Male) |
| 27:17 | Build | Farm |
| 27:20 | Build | Mill |
| 27:30 | Research | Fletching |
| 27:53 | Build | University |
| 28:02 | Build | House |
| 28:03 | Build | House |
| 28:04 | Build | House |
| 28:06 | Build | House |
| 28:07 | Build | House |
| 28:08 | Build | House |
| 28:13 | Create | Villager (Male) |
| 28:14 | Create | Villager (Male) |
| 28:18 | Build | Farm |
| 28:21 | Build | Farm |
| 28:26 | Build | Farm |
Build order — Voobly
First 150 of 459 actions detected
| 0:01 | Create | Villager (Male) |
| 0:02 | Create | Villager (Male) |
| 0:04 | Build | House |
| 0:14 | Research | Loom |
| 0:32 | Create | Villager (Male) |
| 1:01 | Build | Palisade Wall |
| 1:22 | Create | Villager (Male) |
| 1:22 | Create | Villager (Male) |
| 1:47 | Build | Palisade Gate |
| 2:21 | Build | House |
| 2:26 | Create | Villager (Male) |
| 2:26 | Create | Villager (Male) |
| 3:04 | Create | Villager (Male) |
| 4:31 | Create | Villager (Male) |
| 4:31 | Create | Villager (Male) |
| 4:46 | Create | Villager (Male) |
| 4:59 | Create | Villager (Male) |
| 5:03 | Create | Villager (Male) |
| 5:07 | Create | Villager (Male) |
| 5:29 | Create | Villager (Male) |
| 5:38 | Create | Villager (Male) |
| 6:23 | Build | Lumber Camp |
| 6:25 | Create | Villager (Male) |
| 6:49 | Create | Villager (Male) |
| 7:04 | Build | House |
| 7:33 | Build | House |
| 7:34 | Build | House |
| 7:47 | Research | Double-Bit Axe |
| 7:52 | Create | Villager (Male) |
| 7:58 | Build | House |
| 8:00 | Build | House |
| 8:01 | Create | Villager (Male) |
| 8:07 | Create | Villager (Male) |
| 8:12 | Create | Villager (Male) |
| 8:30 | Build | Mill |
| 8:45 | Build | Mill |
| 8:48 | Create | Villager (Male) |
| 9:02 | Create | Villager (Male) |
| 9:42 | Create | Villager (Male) |
| 10:04 | Create | Villager (Male) |
| 11:19 | Create | Villager (Male) |
| 11:44 | Create | Villager (Male) |
| 12:04 | Create | Villager (Male) |
| 12:40 | Research | Feudal Age |
| 13:12 | Create | Villager (Male) |
| 13:33 | Build | Mining Camp |
| 13:45 | Create | Villager (Male) |
| 13:54 | Create | Villager (Male) |
| 14:32 | Build | Farm |
| 14:34 | Build | Farm |
| 14:39 | Build | Farm |
| 14:41 | Build | Farm |
| 14:45 | Build | Farm |
| 14:47 | Build | Farm |
| 14:50 | Age | Feudal Age |
| 14:58 | Research | Bow Saw |
| 14:59 | Create | Villager (Male) |
| 15:03 | Research | Gold Mining |
| 15:29 | Build | Market |
| 15:30 | Create | Villager (Male) |
| 15:36 | Build | Farm |
| 15:37 | Build | Farm |
| 15:38 | Build | Farm |
| 15:40 | Build | Farm |
| 15:42 | Build | Farm |
| 15:43 | Build | Farm |
| 15:44 | Build | Farm |
| 15:46 | Build | Farm |
| 15:48 | Build | Farm |
| 15:50 | Build | Farm |
| 16:02 | Research | Horse Collar |
| 16:28 | Research | Heavy Plow |
| 16:42 | Create | Villager (Male) |
| 17:34 | Build | Blacksmith |
| 17:37 | Create | Villager (Male) |
| 17:38 | Create | Villager (Male) |
| 17:39 | Create | Villager (Male) |
| 18:01 | Build | Stone Wall |
| 18:22 | Build | Stone Wall |
| 18:29 | Build | Building 487 |
| 18:31 | Create | Villager (Male) |
| 18:43 | Build | Barracks |
| 18:44 | Create | Villager (Male) |
| 19:02 | Build | Farm |
| 19:07 | Build | House |
| 19:09 | Build | House |
| 19:18 | Research | Gold Shaft Mining |
| 19:21 | Create | Villager (Male) |
| 19:23 | Build | Farm |
| 19:39 | Research | Caravan |
| 20:08 | Build | Farm |
| 20:20 | Create | Trade Cart |
| 20:20 | Create | Trade Cart |
| 20:20 | Create | Trade Cart |
| 20:42 | Build | Stone Wall |
| 20:54 | Build | Stable |
| 21:28 | Research | Castle Age |
| 22:10 | Build | Mining Camp |
| 22:17 | Create | Villager (Male) |
| 22:23 | Create | Villager (Male) |
| 22:23 | Create | Villager (Male) |
| 22:28 | Create | Villager (Male) |
| 22:33 | Research | Stone Mining |
| 22:44 | Build | Lumber Camp |
| 22:50 | Create | Villager (Male) |
| 22:55 | Research | Scale Barding Armor |
| 22:57 | Research | Forging |
| 23:01 | Create | Trade Cart |
| 23:01 | Create | Trade Cart |
| 23:01 | Create | Trade Cart |
| 23:11 | Research | Stone Shaft Mining |
| 23:31 | Research | Fletching |
| 23:32 | Create | Villager (Male) |
| 24:08 | Age | Castle Age |
| 24:11 | Research | Two-Man Saw |
| 24:24 | Build | Town Center |
| 24:26 | Create | Villager (Male) |
| 24:26 | Create | Villager (Male) |
| 24:26 | Create | Villager (Male) |
| 24:41 | Create | Trade Cart |
| 24:46 | Research | Iron Casting |
| 25:20 | Build | Town Center |
| 25:25 | Research | Crop Rotation |
| 25:38 | Create | Villager (Male) |
| 25:44 | Build | House |
| 26:00 | Build | Stable |
| 26:03 | Build | Stable |
| 26:05 | Create | Villager (Male) |
| 26:15 | Build | Farm |
| 26:16 | Build | Farm |
| 26:18 | Build | Farm |
| 26:20 | Build | Farm |
| 26:24 | Build | House |
| 26:25 | Build | House |
| 26:27 | Build | House |
| 26:33 | Build | House |
| 26:42 | Research | Wheelbarrow |
| 26:43 | Create | Villager (Male) |
| 26:43 | Create | Villager (Male) |
| 26:50 | Create | Villager (Male) |
| 26:50 | Create | Villager (Male) |
| 26:50 | Create | Villager (Male) |
| 27:15 | Build | Monastery |
| 27:26 | Create | Villager (Male) |
| 27:26 | Create | Villager (Male) |
| 27:26 | Create | Villager (Male) |
| 27:38 | Build | Farm |
| 27:40 | Build | Farm |
| 27:43 | Build | Farm |
| 27:52 | Create | Villager (Male) |
Build order — jcarroll10
First 150 of 496 actions detected
| 0:02 | Create | Villager (Male) ×4 |
| 0:06 | Build | House |
| 0:08 | Build | House |
| 1:59 | Create | Villager (Male) |
| 2:29 | Build | Lumber Camp |
| 2:52 | Create | Villager (Male) |
| 2:52 | Create | Villager (Male) |
| 3:21 | Create | Villager (Male) |
| 3:55 | Build | House |
| 4:13 | Create | Villager (Male) |
| 4:53 | Create | Villager (Male) |
| 5:25 | Create | Villager (Male) ×2 |
| 5:35 | Build | Mill |
| 5:44 | Create | Villager (Male) |
| 6:18 | Create | Villager (Male) ×2 |
| 6:42 | Create | Villager (Male) |
| 7:05 | Create | Villager (Male) |
| 7:15 | Create | Villager (Male) |
| 7:16 | Create | Villager (Male) |
| 7:17 | Research | Loom |
| 7:40 | Create | Villager (Male) |
| 7:57 | Build | House |
| 8:40 | Build | Farm |
| 8:45 | Research | Feudal Age |
| 9:55 | Build | House |
| 10:55 | Age | Feudal Age |
| 11:01 | Build | Town Center |
| 11:04 | Create | Villager (Male) |
| 11:08 | Research | Double-Bit Axe |
| 11:11 | Research | Horse Collar |
| 11:42 | Create | Villager (Male) |
| 12:17 | Build | House |
| 12:17 | Build | House |
| 12:19 | Build | House |
| 12:32 | Create | Villager (Male) |
| 12:32 | Create | Villager (Male) |
| 12:52 | Build | Barracks |
| 12:56 | Create | Villager (Male) |
| 12:59 | Create | Villager (Male) |
| 13:01 | Create | Villager (Male) |
| 13:07 | Build | Farm |
| 13:08 | Build | Farm |
| 13:08 | Build | Farm |
| 13:08 | Build | Farm |
| 13:08 | Build | Farm |
| 13:09 | Build | Farm |
| 13:26 | Create | Villager (Male) |
| 14:00 | Create | Villager (Male) |
| 14:13 | Build | Farm |
| 14:13 | Build | Farm |
| 14:13 | Build | Farm |
| 14:14 | Build | Farm |
| 14:14 | Build | Farm |
| 14:25 | Create | Villager (Male) |
| 14:39 | Build | Farm |
| 14:46 | Build | Farm |
| 14:52 | Create | Villager (Male) |
| 15:12 | Build | Lumber Camp |
| 15:17 | Create | Villager (Male) |
| 15:31 | Create | Villager (Male) |
| 15:37 | Build | Farm |
| 15:38 | Build | Farm |
| 15:43 | Build | Farm |
| 15:58 | Create | Villager (Male) ×2 |
| 16:24 | Create | Villager (Male) ×2 |
| 16:33 | Build | Farm |
| 16:34 | Build | Farm |
| 16:34 | Build | Farm |
| 16:34 | Build | Farm |
| 16:35 | Build | Farm |
| 16:35 | Build | Farm |
| 16:35 | Build | Farm |
| 16:40 | Create | Villager (Male) ×2 |
| 17:00 | Build | Farm |
| 17:03 | Create | Villager (Male) ×2 |
| 17:10 | Build | Farm |
| 17:15 | Build | Farm |
| 17:17 | Create | Villager (Male) |
| 17:30 | Build | Farm |
| 17:34 | Create | Villager (Male) |
| 17:44 | Create | Villager (Male) |
| 17:52 | Create | Villager (Male) |
| 18:03 | Build | Farm |
| 18:09 | Build | Farm |
| 18:09 | Build | Farm |
| 18:09 | Build | Farm |
| 18:10 | Build | Farm |
| 18:10 | Build | Farm |
| 18:10 | Build | Farm |
| 18:14 | Create | Villager (Male) ×5 |
| 18:33 | Build | Farm |
| 18:34 | Build | Farm |
| 18:34 | Build | Farm |
| 18:34 | Build | Farm |
| 18:34 | Build | Farm |
| 18:35 | Build | Farm |
| 18:54 | Build | Farm |
| 19:17 | Build | House |
| 19:21 | Build | House |
| 19:23 | Build | House |
| 19:28 | Build | Mining Camp |
| 19:32 | Create | Villager (Male) |
| 19:33 | Create | Villager (Male) |
| 19:35 | Create | Villager (Male) |
| 19:59 | Create | Villager (Male) |
| 19:59 | Create | Villager (Male) |
| 20:05 | Build | Blacksmith |
| 20:16 | Build | Stable |
| 20:19 | Create | Villager (Male) |
| 20:20 | Create | Villager (Male) |
| 20:43 | Build | Mining Camp |
| 20:53 | Build | House |
| 21:05 | Create | Villager (Male) |
| 21:05 | Create | Villager (Male) |
| 21:10 | Research | Castle Age |
| 21:13 | Research | Wheelbarrow |
| 21:46 | Build | Stable |
| 21:51 | Build | House |
| 21:52 | Build | House |
| 21:52 | Build | House |
| 21:53 | Build | House |
| 21:54 | Build | House |
| 21:55 | Build | House |
| 21:58 | Create | Villager (Male) ×5 |
| 22:26 | Research | Gold Mining |
| 22:30 | Research | Stone Mining |
| 22:33 | Research | Fletching |
| 23:07 | Build | Siege Workshop |
| 23:12 | Research | Bloodlines |
| 23:20 | Research | Scale Barding Armor |
| 23:21 | Research | Forging |
| 23:48 | Build | Market |
| 23:54 | Create | Villager (Male) |
| 23:54 | Create | Villager (Male) |
| 23:57 | Create | Villager (Male) ×4 |
| 24:08 | Build | Lumber Camp |
| 24:10 | Age | Castle Age |
| 24:44 | Build | House |
| 24:44 | Build | House |
| 24:46 | Build | House |
| 24:46 | Build | House |
| 24:46 | Build | House |
| 24:47 | Build | House |
| 24:52 | Research | Heavy Plow |
| 25:05 | Research | Bow Saw |
| 25:11 | Build | House |
| 25:12 | Build | House |
| 25:13 | Build | House |
| 25:18 | Create | Villager (Male) ×5 |
| 25:36 | Build | Town Center |
Build order — KRISTO
First 150 of 608 actions detected
| 0:02 | Create | Villager (Male) |
| 0:03 | Create | Villager (Male) |
| 0:03 | Create | Villager (Male) |
| 0:03 | Create | Villager (Male) |
| 0:03 | Create | Villager (Male) |
| 0:05 | Build | House |
| 0:05 | Build | House |
| 0:07 | Build | House |
| 0:27 | Research | Loom |
| 2:02 | Create | Villager (Male) |
| 2:38 | Create | Villager (Male) |
| 2:39 | Create | Villager (Male) |
| 2:57 | Build | Lumber Camp |
| 3:03 | Create | Villager (Male) |
| 3:03 | Create | Villager (Male) |
| 3:34 | Create | Villager (Male) |
| 4:34 | Create | Villager (Male) |
| 4:34 | Create | Villager (Male) |
| 4:34 | Create | Villager (Male) |
| 5:05 | Build | Mill |
| 5:09 | Create | Villager (Male) |
| 5:09 | Create | Villager (Male) |
| 5:30 | Create | Villager (Male) |
| 5:31 | Create | Villager (Male) |
| 5:36 | Build | House |
| 5:37 | Build | House |
| 5:52 | Create | Villager (Male) |
| 6:47 | Create | Villager (Male) |
| 6:47 | Create | Villager (Male) |
| 6:47 | Create | Villager (Male) |
| 7:12 | Create | Villager (Male) |
| 7:35 | Create | Villager (Male) |
| 8:13 | Create | Villager (Male) |
| 8:51 | Create | Villager (Male) |
| 8:51 | Create | Villager (Male) |
| 8:52 | Create | Villager (Male) |
| 9:57 | Create | Villager (Male) |
| 10:40 | Create | Villager (Male) |
| 10:40 | Create | Villager (Male) |
| 11:16 | Build | Mill |
| 11:22 | Build | Mining Camp |
| 11:32 | Create | Villager (Male) |
| 12:10 | Research | Feudal Age |
| 13:02 | Create | Villager (Male) |
| 13:02 | Create | Villager (Male) |
| 13:31 | Build | Barracks |
| 13:59 | Build | House |
| 14:01 | Build | House |
| 14:03 | Build | House |
| 14:20 | Age | Feudal Age |
| 14:35 | Build | Market |
| 14:40 | Build | Blacksmith |
| 15:01 | Create | Villager (Male) |
| 15:07 | Create | Militia |
| 15:07 | Create | Militia |
| 15:08 | Create | Militia |
| 15:55 | Research | Castle Age |
| 16:07 | Build | Farm |
| 16:09 | Build | Farm |
| 16:11 | Build | Farm |
| 16:13 | Build | Farm |
| 16:15 | Build | Farm |
| 16:17 | Build | Farm |
| 16:19 | Build | Farm |
| 16:21 | Build | Farm |
| 16:23 | Build | Farm |
| 16:25 | Build | Farm |
| 16:30 | Build | Mining Camp |
| 16:42 | Create | Militia |
| 16:46 | Create | Spearman |
| 17:10 | Create | Militia |
| 17:40 | Research | Horse Collar |
| 17:57 | Create | Militia |
| 18:21 | Create | Villager (Male) |
| 18:25 | Create | Militia |
| 18:35 | Age | Castle Age |
| 18:44 | Create | Villager (Male) |
| 18:51 | Build | Town Center |
| 18:56 | Create | Villager (Male) |
| 19:06 | Research | Double-Bit Axe |
| 19:38 | Build | Farm |
| 19:45 | Create | Villager (Male) |
| 19:50 | Research | Wheelbarrow |
| 20:12 | Research | Man-at-Arms (upgrade) |
| 20:48 | Research | Heavy Plow |
| 20:56 | Create | Villager (Male) |
| 20:56 | Create | Villager (Male) |
| 20:57 | Create | Villager (Male) |
| 21:18 | Build | Monastery |
| 21:25 | Create | Villager (Male) |
| 21:25 | Create | Villager (Male) |
| 21:54 | Research | Forging |
| 21:57 | Create | Villager (Male) |
| 21:57 | Create | Villager (Male) |
| 22:05 | Build | Farm |
| 22:07 | Build | Farm |
| 22:09 | Build | Farm |
| 22:34 | Build | Castle |
| 22:40 | Create | Monk |
| 22:46 | Build | Farm |
| 22:50 | Create | Villager (Male) |
| 22:51 | Create | Villager (Male) |
| 22:53 | Create | Villager (Male) |
| 22:53 | Create | Villager (Male) |
| 23:15 | Research | Bow Saw |
| 23:26 | Build | Mining Camp |
| 23:32 | Build | Farm |
| 23:39 | Build | House |
| 23:40 | Build | House |
| 23:41 | Build | House |
| 23:44 | Build | House |
| 23:45 | Build | House |
| 24:06 | Build | Farm |
| 24:12 | Create | Villager (Male) |
| 24:13 | Create | Villager (Male) |
| 24:13 | Create | Villager (Male) |
| 24:35 | Create | Villager (Male) |
| 24:35 | Create | Villager (Male) |
| 24:44 | Research | Stone Mining |
| 24:45 | Research | Gold Mining |
| 24:54 | Build | Farm |
| 25:03 | Create | Villager (Male) |
| 25:03 | Create | Villager (Male) |
| 25:03 | Create | Villager (Male) |
| 25:20 | Research | Iron Casting |
| 25:23 | Build | Farm |
| 25:44 | Build | Siege Workshop |
| 25:50 | Create | Boyar |
| 25:52 | Create | Boyar |
| 25:57 | Build | Farm |
| 25:58 | Create | Villager (Male) |
| 25:59 | Create | Villager (Male) |
| 25:59 | Create | Villager (Male) |
| 26:06 | Build | Farm |
| 26:24 | Create | Battering Ram |
| 27:08 | Build | Lumber Camp |
| 27:25 | Create | Monk |
| 27:42 | Create | Boyar |
| 27:43 | Create | Boyar |
| 28:04 | Create | Boyar |
| 28:11 | Create | Battering Ram |
| 28:16 | Create | Villager (Male) |
| 28:17 | Create | Villager (Male) |
| 28:17 | Create | Villager (Male) |
| 28:17 | Create | Villager (Male) |
| 28:18 | Create | Villager (Male) |
| 28:19 | Create | Villager (Male) |
| 28:33 | Build | Town Center |
| 28:58 | Create | Boyar |
| 29:04 | Build | Farm |
Build order — Namzer
First 150 of 398 actions detected
| 0:04 | Build | House |
| 0:06 | Build | House |
| 0:09 | Create | Villager (Male) ×4 |
| 0:09 | Create | Villager (Male) ×4 |
| 0:26 | Research | Loom |
| 0:27 | Create | Villager (Male) ×3 |
| 0:33 | Build | Palisade Wall |
| 0:34 | Build | Palisade Gate |
| 2:10 | Create | Villager (Male) |
| 2:11 | Create | Villager (Male) |
| 2:38 | Build | House |
| 2:41 | Build | House |
| 2:49 | Create | Villager (Male) |
| 2:49 | Create | Villager (Male) |
| 3:08 | Create | Villager (Male) |
| 3:09 | Create | Villager (Male) |
| 3:45 | Create | Villager (Male) |
| 3:45 | Create | Villager (Male) |
| 3:57 | Create | Villager (Male) |
| 3:58 | Create | Villager (Male) |
| 4:32 | Create | Villager (Male) |
| 4:33 | Create | Villager (Male) |
| 4:33 | Create | Villager (Male) |
| 4:57 | Create | Villager (Male) |
| 4:57 | Create | Villager (Male) |
| 5:35 | Create | Villager (Male) |
| 5:35 | Create | Villager (Male) |
| 6:01 | Create | Villager (Male) |
| 6:02 | Create | Villager (Male) |
| 6:28 | Build | Lumber Camp |
| 6:44 | Create | Villager (Male) |
| 6:44 | Create | Villager (Male) |
| 6:45 | Create | Villager (Male) |
| 6:45 | Create | Villager (Male) |
| 7:27 | Create | Villager (Male) |
| 7:44 | Build | House |
| 7:45 | Build | House |
| 7:54 | Create | Villager (Male) |
| 8:09 | Create | Villager (Male) |
| 8:09 | Create | Villager (Male) |
| 8:09 | Create | Villager (Male) |
| 8:46 | Build | Mill |
| 9:08 | Create | Villager (Male) |
| 9:09 | Create | Villager (Male) |
| 9:09 | Create | Villager (Male) |
| 9:09 | Create | Villager (Male) |
| 9:48 | Build | Mining Camp |
| 10:15 | Build | House |
| 10:34 | Create | Villager (Male) |
| 10:35 | Create | Villager (Male) |
| 11:18 | Research | Feudal Age |
| 11:18 | Research | Feudal Age |
| 11:25 | Build | Barracks |
| 12:01 | Create | Villager (Male) ×2 |
| 12:30 | Create | Militia ×2 |
| 12:54 | Build | Farm |
| 12:54 | Build | Farm |
| 13:00 | Build | Farm |
| 13:05 | Create | Militia |
| 13:17 | Build | Farm |
| 13:29 | Age | Feudal Age |
| 13:35 | Build | House |
| 13:40 | Create | Militia |
| 13:49 | Build | Farm |
| 14:01 | Build | Farm |
| 14:19 | Create | Villager (Male) |
| 14:19 | Create | Villager (Male) |
| 14:39 | Build | Building 487 |
| 14:44 | Build | Farm |
| 14:47 | Build | Farm |
| 14:48 | Create | Villager (Male) |
| 14:50 | Create | Villager (Male) |
| 14:50 | Create | Villager (Male) |
| 15:20 | Create | Villager (Male) |
| 15:21 | Create | Villager (Male) |
| 15:23 | Build | Farm |
| 15:29 | Build | Farm |
| 15:32 | Build | Farm |
| 15:48 | Build | House |
| 15:49 | Build | House |
| 15:50 | Build | House |
| 15:59 | Research | Arson |
| 16:00 | Create | Villager (Male) |
| 16:13 | Build | Farm |
| 16:15 | Create | Villager (Male) |
| 16:16 | Create | Villager (Male) |
| 16:17 | Build | Farm |
| 16:21 | Build | Farm |
| 16:38 | Build | Farm |
| 16:41 | Create | Villager (Male) |
| 16:50 | Build | Farm |
| 17:01 | Research | Double-Bit Axe |
| 17:11 | Build | Farm |
| 17:36 | Create | Villager (Male) |
| 17:36 | Create | Villager (Male) |
| 17:36 | Create | Villager (Male) |
| 17:36 | Create | Villager (Male) |
| 17:41 | Research | Horse Collar |
| 17:43 | Create | Villager (Male) |
| 17:43 | Create | Villager (Male) |
| 18:02 | Build | Mining Camp |
| 18:09 | Create | Villager (Male) |
| 18:10 | Create | Villager (Male) |
| 18:11 | Create | Villager (Male) |
| 18:11 | Create | Villager (Male) |
| 18:15 | Build | Farm |
| 18:18 | Build | Farm |
| 18:22 | Build | Farm |
| 18:38 | Build | Stone Wall |
| 18:40 | Build | Stone Wall |
| 18:45 | Build | Stone Wall |
| 18:47 | Build | Building 487 |
| 18:52 | Create | Villager (Male) ×4 |
| 18:57 | Build | Farm |
| 19:09 | Build | Blacksmith |
| 19:47 | Build | House |
| 19:48 | Build | House |
| 20:04 | Build | Market |
| 21:14 | Build | Archery Range |
| 21:16 | Build | Archery Range |
| 21:25 | Build | Watch Tower |
| 21:27 | Create | Villager (Male) ×5 |
| 21:50 | Build | House |
| 21:50 | Build | House |
| 21:51 | Build | House |
| 21:52 | Build | House |
| 21:58 | Research | Fletching |
| 22:16 | Build | Watch Tower |
| 22:33 | Create | Archer ×5 |
| 22:43 | Create | Villager (Male) |
| 22:46 | Research | Castle Age |
| 22:46 | Research | Castle Age |
| 22:47 | Research | Wheelbarrow |
| 22:49 | Create | Villager (Male) ×5 |
| 23:20 | Build | Stone Wall |
| 23:21 | Build | Building 487 |
| 23:32 | Build | House |
| 23:34 | Build | House |
| 23:36 | Build | House |
| 23:41 | Create | Trade Cart |
| 23:43 | Create | Villager (Male) ×5 |
| 23:56 | Create | Archer |
| 23:57 | Create | Archer |
| 23:58 | Create | Villager (Male) ×3 |
| 24:26 | Research | Stone Mining |
| 24:29 | Research | Gold Mining |
| 25:26 | Age | Castle Age |
| 25:31 | Build | Town Center |
| 25:35 | Research | Bow Saw |
| 25:47 | Research | Crossbowman (upgrade) |
Build order — Troseitor
First 150 of 493 actions detected
| 0:07 | Research | Loom |
| 0:08 | Create | Villager (Male) |
| 0:08 | Create | Villager (Male) |
| 0:08 | Create | Villager (Male) |
| 0:08 | Create | Villager (Male) |
| 0:09 | Create | Villager (Male) |
| 0:37 | Build | House |
| 1:01 | Build | Palisade Wall |
| 1:16 | Build | Palisade Gate |
| 1:49 | Build | Palisade Wall |
| 3:26 | Create | Villager (Male) |
| 3:26 | Create | Villager (Male) |
| 3:43 | Build | House |
| 3:44 | Build | House |
| 3:45 | Build | House |
| 3:59 | Create | Villager (Male) |
| 4:00 | Create | Villager (Male) |
| 4:26 | Create | Villager (Male) |
| 4:27 | Create | Villager (Male) |
| 5:09 | Create | Villager (Male) |
| 5:25 | Create | Villager (Male) |
| 5:25 | Create | Villager (Male) |
| 5:25 | Create | Villager (Male) |
| 6:37 | Create | Villager (Male) |
| 6:38 | Create | Villager (Male) |
| 6:38 | Create | Villager (Male) |
| 6:38 | Create | Villager (Male) |
| 6:38 | Create | Villager (Male) |
| 7:51 | Create | Villager (Male) |
| 7:51 | Create | Villager (Male) |
| 7:51 | Create | Villager (Male) |
| 8:08 | Build | Lumber Camp |
| 8:40 | Create | Villager (Male) |
| 8:41 | Create | Villager (Male) |
| 8:41 | Create | Villager (Male) |
| 9:22 | Build | Lumber Camp |
| 9:28 | Create | Villager (Male) |
| 9:28 | Create | Villager (Male) |
| 9:30 | Create | Villager (Male) |
| 9:30 | Create | Villager (Male) |
| 10:51 | Build | Mill |
| 12:35 | Build | House |
| 12:37 | Build | House |
| 12:38 | Build | House |
| 12:39 | Build | House |
| 12:42 | Build | House |
| 12:52 | Research | Feudal Age |
| 13:19 | Build | Palisade Wall |
| 13:24 | Build | Palisade Gate |
| 14:18 | Build | House |
| 14:20 | Build | House |
| 14:22 | Build | House |
| 14:51 | Build | Palisade Wall |
| 15:02 | Age | Feudal Age |
| 15:18 | Build | Farm |
| 15:20 | Build | Farm |
| 15:20 | Build | Farm |
| 15:21 | Build | Farm |
| 15:22 | Build | Farm |
| 15:24 | Build | Farm |
| 15:26 | Build | Farm |
| 15:27 | Build | Farm |
| 15:31 | Research | Wheelbarrow |
| 15:35 | Research | Double-Bit Axe |
| 16:07 | Create | Villager (Male) |
| 16:07 | Create | Villager (Male) |
| 16:07 | Create | Villager (Male) |
| 16:10 | Research | Horse Collar |
| 16:24 | Build | Stone Wall |
| 16:30 | Build | Building 487 |
| 16:49 | Create | Villager (Male) |
| 16:50 | Create | Villager (Male) |
| 16:50 | Create | Villager (Male) |
| 16:50 | Create | Villager (Male) |
| 16:51 | Create | Villager (Male) |
| 16:51 | Create | Villager (Male) |
| 16:51 | Create | Villager (Male) |
| 16:51 | Create | Villager (Male) |
| 16:52 | Create | Villager (Male) |
| 16:52 | Create | Villager (Male) |
| 17:19 | Build | Stone Wall |
| 17:23 | Build | Building 490 |
| 18:08 | Build | Market |
| 18:11 | Build | Blacksmith |
| 18:56 | Build | Stone Wall |
| 19:00 | Build | Stone Wall |
| 19:20 | Build | Mining Camp |
| 19:30 | Build | Mining Camp |
| 20:00 | Research | Gold Mining |
| 20:02 | Research | Stone Mining |
| 21:10 | Build | Stone Wall |
| 21:14 | Build | Building 665 |
| 21:25 | Build | Stone Wall |
| 21:51 | Create | Villager (Male) |
| 21:52 | Create | Villager (Male) |
| 21:52 | Create | Villager (Male) |
| 21:52 | Create | Villager (Male) |
| 21:52 | Create | Villager (Male) |
| 21:59 | Build | Farm |
| 22:01 | Build | Farm |
| 22:03 | Build | Farm |
| 22:04 | Build | Farm |
| 22:06 | Build | Farm |
| 22:07 | Build | Farm |
| 22:09 | Build | Farm |
| 22:10 | Build | Farm |
| 22:24 | Create | Villager (Male) |
| 22:24 | Create | Villager (Male) |
| 22:25 | Create | Villager (Male) |
| 22:38 | Create | Trade Cart |
| 22:38 | Create | Trade Cart |
| 22:38 | Create | Trade Cart |
| 22:39 | Create | Trade Cart |
| 22:39 | Create | Trade Cart |
| 23:18 | Build | Building 487 |
| 23:23 | Build | Stone Wall |
| 23:48 | Build | Stone Wall |
| 24:10 | Build | Building 487 |
| 24:39 | Build | Palisade Gate |
| 24:43 | Build | Palisade Wall |
| 25:00 | Research | Castle Age |
| 25:29 | Create | Trade Cart |
| 25:29 | Create | Trade Cart |
| 25:29 | Create | Trade Cart |
| 25:29 | Create | Trade Cart |
| 25:30 | Create | Trade Cart |
| 25:30 | Create | Trade Cart |
| 25:30 | Create | Trade Cart |
| 25:31 | Create | Trade Cart |
| 25:32 | Create | Trade Cart |
| 25:32 | Create | Trade Cart |
| 25:32 | Create | Trade Cart |
| 25:43 | Research | Forging |
| 25:43 | Research | Scale Mail Armor |
| 25:44 | Research | Padded Archer Armor |
| 26:25 | Research | Fletching |
| 26:52 | Build | Stone Wall |
| 26:53 | Build | Stone Wall |
| 27:51 | Build | Market |
| 27:51 | Age | Castle Age |
| 28:04 | Build | Market |
| 28:11 | Research | Stone Shaft Mining |
| 28:13 | Research | Bow Saw |
| 28:16 | Research | Gold Shaft Mining |
| 28:21 | Research | Heavy Plow |
| 28:27 | Research | Hand Cart |
| 28:29 | Create | Villager (Male) |
| 28:29 | Create | Villager (Male) |
| 28:30 | Create | Villager (Male) |
| 28:30 | Create | Villager (Male) |
Build order — SarilarinSulo
First 150 of 410 actions detected
| 0:02 | Create | Villager (Male) ×4 |
| 0:03 | Build | House |
| 0:04 | Build | House |
| 1:42 | Create | Villager (Male) |
| 1:42 | Create | Villager (Male) |
| 1:47 | Build | Lumber Camp |
| 2:23 | Create | Villager (Male) |
| 2:23 | Create | Villager (Male) |
| 2:24 | Create | Villager (Male) |
| 2:58 | Create | Villager (Male) |
| 2:59 | Create | Villager (Male) |
| 3:35 | Create | Villager (Male) |
| 3:36 | Create | Villager (Male) |
| 4:02 | Build | House |
| 4:03 | Build | House |
| 5:02 | Build | Mill |
| 5:05 | Create | Villager (Male) |
| 5:06 | Create | Villager (Male) |
| 5:06 | Create | Villager (Male) |
| 5:41 | Create | Villager (Male) |
| 5:41 | Create | Villager (Male) |
| 6:15 | Create | Villager (Male) |
| 6:49 | Create | Villager (Male) |
| 6:49 | Create | Villager (Male) |
| 6:49 | Create | Villager (Male) |
| 7:26 | Build | Farm |
| 7:39 | Build | Farm |
| 7:47 | Create | Villager (Male) |
| 7:47 | Create | Villager (Male) |
| 8:07 | Build | House |
| 8:11 | Create | Villager (Male) |
| 8:12 | Create | Villager (Male) |
| 8:12 | Create | Villager (Male) |
| 8:19 | Create | Villager (Male) |
| 8:19 | Create | Villager (Male) |
| 8:46 | Create | Villager (Male) |
| 10:10 | Build | Mining Camp |
| 10:41 | Research | Feudal Age |
| 11:27 | Build | Farm |
| 11:28 | Build | Farm |
| 11:29 | Build | Farm |
| 11:33 | Build | Farm |
| 11:33 | Build | Farm |
| 11:35 | Build | Farm |
| 12:05 | Build | Farm |
| 13:06 | Age | Feudal Age |
| 13:10 | Build | Market |
| 13:11 | Build | Blacksmith |
| 13:27 | Create | Villager (Male) |
| 13:42 | Create | Villager (Male) |
| 14:15 | Research | Castle Age |
| 14:59 | Build | Farm |
| 15:00 | Build | Farm |
| 15:00 | Build | Farm |
| 15:02 | Build | Farm |
| 15:05 | Build | Farm |
| 16:17 | Build | House |
| 16:19 | Build | House |
| 16:57 | Age | Castle Age |
| 17:53 | Build | Town Center |
| 17:58 | Build | Town Center |
| 18:06 | Create | Villager (Male) |
| 18:06 | Create | Villager (Male) |
| 18:06 | Create | Villager (Male) |
| 18:06 | Create | Villager (Male) |
| 18:15 | Create | Villager (Male) |
| 18:15 | Create | Villager (Male) |
| 18:47 | Research | Double-Bit Axe |
| 18:51 | Create | Villager (Male) |
| 18:51 | Create | Villager (Male) |
| 18:52 | Create | Villager (Male) |
| 19:10 | Build | House |
| 19:13 | Build | House |
| 19:46 | Build | Town Center |
| 19:48 | Create | Villager (Male) |
| 19:48 | Create | Villager (Male) |
| 19:48 | Create | Villager (Male) |
| 19:48 | Create | Villager (Male) |
| 19:49 | Create | Villager (Male) |
| 19:51 | Create | Villager (Male) |
| 19:51 | Create | Villager (Male) |
| 20:13 | Create | Villager (Male) |
| 20:13 | Research | Loom |
| 20:26 | Research | Bow Saw |
| 20:33 | Create | Villager (Male) |
| 20:33 | Create | Villager (Male) |
| 21:06 | Build | Mining Camp |
| 21:15 | Build | Farm |
| 21:25 | Build | Farm |
| 21:26 | Build | Farm |
| 21:34 | Create | Villager (Male) |
| 21:34 | Create | Villager (Male) |
| 21:34 | Create | Villager (Male) |
| 21:35 | Create | Villager (Male) |
| 21:35 | Create | Villager (Male) |
| 21:35 | Create | Villager (Male) |
| 21:45 | Research | Stone Mining |
| 22:05 | Research | Horse Collar |
| 22:18 | Create | Villager (Male) |
| 22:19 | Create | Villager (Male) |
| 22:19 | Create | Villager (Male) |
| 22:27 | Create | Villager (Male) |
| 22:27 | Create | Villager (Male) |
| 22:27 | Create | Villager (Male) |
| 22:27 | Create | Villager (Male) |
| 22:29 | Create | Villager (Male) |
| 22:41 | Research | Heavy Plow |
| 22:45 | Create | Villager (Male) |
| 22:45 | Create | Villager (Male) |
| 22:45 | Create | Villager (Male) |
| 22:45 | Create | Villager (Male) |
| 22:46 | Create | Villager (Male) |
| 22:46 | Create | Villager (Male) |
| 23:34 | Build | Farm |
| 23:41 | Build | House |
| 23:43 | Build | House |
| 23:45 | Build | House |
| 23:48 | Build | House |
| 23:49 | Build | House |
| 23:52 | Build | House |
| 24:07 | Build | Farm |
| 24:07 | Build | Farm |
| 24:32 | Build | Farm |
| 24:32 | Build | Farm |
| 24:41 | Build | Farm |
| 24:45 | Build | Barracks |
| 24:51 | Build | Siege Workshop |
| 25:15 | Create | Villager (Male) |
| 25:16 | Create | Villager (Male) |
| 25:39 | Build | Castle |
| 25:59 | Research | Gold Mining |
| 26:02 | Create | Villager (Male) |
| 26:02 | Create | Villager (Male) |
| 26:02 | Create | Villager (Male) |
| 26:03 | Create | Villager (Male) |
| 26:03 | Create | Villager (Male) |
| 26:03 | Create | Villager (Male) |
| 26:05 | Create | Villager (Male) |
| 26:06 | Create | Villager (Male) |
| 26:10 | Create | Villager (Male) |
| 26:10 | Create | Villager (Male) |
| 26:10 | Create | Villager (Male) |
| 26:11 | Create | Villager (Male) |
| 26:11 | Create | Villager (Male) |
| 26:11 | Create | Villager (Male) |
| 26:11 | Create | Villager (Male) |
| 26:11 | Create | Villager (Male) |
| 26:12 | Create | Villager (Male) |
| 26:12 | Create | Villager (Male) |
| 26:19 | Build | House |
Build order — TioJota
First 150 of 291 actions detected
| 0:25 | Build | House |
| 0:26 | Build | House |
| 0:28 | Build | House |
| 1:02 | Create | Villager (Male) |
| 1:03 | Create | Villager (Male) |
| 1:04 | Create | Villager (Male) |
| 1:04 | Create | Villager (Male) |
| 1:05 | Create | Villager (Male) |
| 1:06 | Research | Loom |
| 3:01 | Create | Villager (Male) |
| 4:14 | Create | Villager (Male) |
| 4:15 | Create | Villager (Male) |
| 4:44 | Build | Palisade Gate |
| 4:54 | Create | Villager (Male) |
| 5:27 | Build | Palisade Wall |
| 6:08 | Create | Villager (Male) |
| 6:09 | Create | Villager (Male) |
| 6:34 | Build | Palisade Wall |
| 6:46 | Create | Villager (Male) |
| 7:16 | Create | Villager (Male) |
| 8:23 | Create | Villager (Male) |
| 8:24 | Create | Villager (Male) |
| 8:37 | Build | Lumber Camp |
| 9:29 | Create | Villager (Male) |
| 10:37 | Create | Villager (Male) |
| 11:07 | Build | Mill |
| 12:04 | Research | Feudal Age |
| 12:51 | Build | House |
| 12:53 | Build | House |
| 13:00 | Build | Barracks |
| 13:59 | Build | Mining Camp |
| 14:09 | Create | Villager (Male) |
| 14:09 | Create | Villager (Male) |
| 14:10 | Create | Villager (Male) |
| 14:14 | Age | Feudal Age |
| 14:21 | Create | Villager (Male) |
| 14:22 | Create | Villager (Male) |
| 14:36 | Build | Building 487 |
| 14:50 | Build | Stone Wall |
| 15:06 | Create | Villager (Male) |
| 15:18 | Build | Stone Wall |
| 15:35 | Create | Villager (Male) |
| 16:03 | Build | Watch Tower |
| 16:35 | Create | Villager (Male) |
| 16:42 | Create | Villager (Male) |
| 16:59 | Create | Villager (Male) |
| 17:50 | Build | Farm |
| 17:52 | Build | Farm |
| 17:55 | Create | Villager (Male) |
| 17:56 | Create | Villager (Male) |
| 18:16 | Build | Archery Range |
| 18:37 | Build | Lumber Camp |
| 18:43 | Create | Villager (Male) |
| 18:47 | Build | Farm |
| 18:49 | Build | Farm |
| 18:52 | Build | Farm |
| 19:10 | Build | Farm |
| 19:22 | Create | Archer |
| 19:32 | Build | Watch Tower |
| 19:59 | Build | Farm |
| 20:15 | Create | Villager (Male) |
| 20:16 | Create | Villager (Male) |
| 21:37 | Build | Watch Tower |
| 22:04 | Create | Archer |
| 22:06 | Create | Archer |
| 22:09 | Build | Farm |
| 22:12 | Build | Farm |
| 22:16 | Create | Villager (Male) |
| 22:18 | Create | Villager (Male) |
| 23:33 | Build | Farm |
| 23:35 | Build | Farm |
| 23:36 | Create | Villager (Male) |
| 23:37 | Create | Villager (Male) |
| 23:51 | Create | Archer |
| 23:51 | Create | Archer |
| 23:52 | Create | Archer |
| 24:11 | Build | House |
| 24:12 | Build | House |
| 24:13 | Build | House |
| 24:19 | Create | Villager (Male) |
| 24:50 | Build | Farm |
| 24:51 | Build | Farm |
| 24:52 | Build | Farm |
| 25:02 | Create | Villager (Male) |
| 25:41 | Build | Farm |
| 25:44 | Build | Farm |
| 25:53 | Build | Blacksmith |
| 25:58 | Build | Stable |
| 26:07 | Create | Villager (Male) |
| 26:08 | Create | Villager (Male) |
| 26:19 | Build | Lumber Camp |
| 27:14 | Create | Archer |
| 27:20 | Research | Castle Age |
| 27:22 | Research | Wheelbarrow |
| 27:26 | Research | Horse Collar |
| 27:32 | Research | Gold Mining |
| 28:39 | Create | Skirmisher |
| 28:40 | Create | Skirmisher |
| 29:57 | Create | Skirmisher |
| 29:57 | Create | Skirmisher |
| 29:58 | Create | Skirmisher |
| 30:00 | Age | Castle Age |
| 30:03 | Research | Elite Skirmisher (upgrade) |
| 30:55 | Create | Villager (Male) |
| 30:56 | Create | Villager (Male) |
| 30:56 | Create | Villager (Male) |
| 31:03 | Build | Town Center |
| 31:10 | Create | Villager (Male) |
| 31:15 | Research | Double-Bit Axe |
| 31:58 | Create | Skirmisher |
| 32:08 | Build | Town Center |
| 32:34 | Build | Monastery |
| 32:42 | Build | Mining Camp |
| 32:52 | Create | Villager (Male) |
| 32:52 | Create | Villager (Male) |
| 33:01 | Create | Villager (Male) |
| 33:02 | Create | Villager (Male) |
| 33:04 | Create | Villager (Male) |
| 33:04 | Create | Villager (Male) |
| 33:05 | Create | Villager (Male) |
| 34:09 | Create | Skirmisher |
| 34:10 | Create | Skirmisher |
| 34:10 | Create | Skirmisher |
| 34:15 | Create | Skirmisher |
| 34:23 | Build | Farm |
| 34:26 | Build | Farm |
| 34:28 | Build | Farm |
| 34:31 | Create | Villager (Male) |
| 34:32 | Create | Villager (Male) |
| 34:52 | Create | Monk |
| 34:52 | Create | Monk |
| 35:02 | Build | House |
| 35:05 | Build | House |
| 35:07 | Build | House |
| 35:09 | Build | House |
| 35:11 | Build | House |
| 35:29 | Build | Farm |
| 35:31 | Create | Villager (Male) |
| 35:34 | Create | Villager (Male) |
| 35:34 | Research | Heavy Plow |
| 35:41 | Create | Villager (Male) |
| 35:47 | Create | Villager (Male) |
| 35:48 | Create | Villager (Male) |
| 35:49 | Create | Villager (Male) |
| 35:54 | Research | Stone Mining |
| 36:07 | Create | Skirmisher |
| 36:07 | Create | Skirmisher |
| 36:08 | Create | Skirmisher |
| 36:08 | Create | Skirmisher |
| 36:21 | Create | Skirmisher |
Match timeline
| 0:33 | Namzer · wall_segment Palisade Wall x17 |
| 1:01 | Voobly · wall_segment Palisade Wall x12 |
| 1:01 | Troseitor · wall_segment Palisade Wall x17 |
| 1:49 | Troseitor · wall_segment Palisade Wall x15 |
| 5:27 | TioJota · wall_segment Palisade Wall x7 |
| 6:34 | TioJota · wall_segment Palisade Wall x5 |
| 9:36 | PorT_BarroZo · first_building Barracks |
| 10:55 | jcarroll10 · age_up feudal |
| 11:25 | Namzer · first_building Barracks |
| 12:52 | jcarroll10 · first_building Barracks |
| 13:00 | TioJota · first_building Barracks |
| 13:06 | SarilarinSulo · age_up feudal |
| 13:19 | Troseitor · wall_segment Palisade Wall x10 |
| 13:29 | Namzer · age_up feudal |
| 13:31 | KRISTO · first_building Barracks |
| 14:14 | TioJota · age_up feudal |
| 14:20 | KRISTO · age_up feudal |
| 14:50 | TioJota · wall_segment Stone Wall x6 |
| 14:50 | Voobly · age_up feudal |
| 14:51 | Troseitor · wall_segment Palisade Wall x5 |
| 15:02 | Troseitor · age_up feudal |
| 15:18 | TioJota · wall_segment Stone Wall x7 |
| 16:24 | Troseitor · wall_segment Stone Wall x17 |
| 16:40 | PorT_BarroZo · age_up feudal |
| 16:57 | SarilarinSulo · age_up castle |
| 17:19 | Troseitor · wall_segment Stone Wall x17 |
| 18:01 | Voobly · wall_segment Stone Wall x1 |
| 18:16 | TioJota · first_building Archery Range |
| 18:22 | Voobly · wall_segment Stone Wall x5 |
| 18:25 | PorT_BarroZo · first_building Archery Range |
| 18:29 | PorT_BarroZo · wall_segment Palisade Wall x2 |
| 18:32 | PorT_BarroZo · first_building Stable |
| 18:35 | KRISTO · age_up castle |
| 18:38 | Namzer · wall_segment Stone Wall x5 |
| 18:40 | Namzer · wall_segment Stone Wall x5 |
| 18:43 | Voobly · first_building Barracks |
| 18:45 | Namzer · wall_segment Stone Wall x9 |
| 18:56 | Troseitor · wall_segment Stone Wall x13 |
| 19:00 | Troseitor · wall_segment Stone Wall x23 |
| 19:05 | KRISTO · first_market_buy 100 food |
| 20:16 | jcarroll10 · first_building Stable |
| 20:42 | Voobly · wall_segment Stone Wall x4 |
| 20:54 | Voobly · first_building Stable |
| 21:10 | Troseitor · wall_segment Stone Wall x12 |
| 21:14 | Namzer · first_building Archery Range |
| 21:18 | KRISTO · first_building Monastery |
| 21:25 | Troseitor · wall_segment Stone Wall x19 |
| 21:26 | Voobly · first_market_sell 100 wood |
| 21:27 | PorT_BarroZo · age_up castle |
| 21:52 | PorT_BarroZo · first_building Castle |
| 22:34 | KRISTO · first_building Castle |
| 23:07 | jcarroll10 · first_building Siege Workshop |
| 23:20 | Namzer · wall_segment Stone Wall x8 |
| 23:23 | Troseitor · wall_segment Stone Wall x9 |
| 23:48 | Troseitor · wall_segment Stone Wall x19 |
| 24:08 | Voobly · age_up castle |
| 24:10 | jcarroll10 · age_up castle |
| 24:43 | Troseitor · wall_segment Palisade Wall x7 |
| 24:45 | SarilarinSulo · first_building Barracks |
| 24:51 | SarilarinSulo · first_building Siege Workshop |
| 25:26 | Namzer · age_up castle |
| 25:26 | jcarroll10 · first_market_buy 100 wood |
| 25:39 | SarilarinSulo · first_building Castle |
| 25:44 | KRISTO · first_building Siege Workshop |
| 25:58 | TioJota · first_building Stable |
| 26:52 | Troseitor · wall_segment Stone Wall x1 |
| 26:53 | Troseitor · wall_segment Stone Wall x1 |
| 26:56 | jcarroll10 · first_building Monastery |
| 26:57 | SarilarinSulo · first_building Monastery |
| 27:15 | Voobly · first_building Monastery |
| 27:47 | jcarroll10 · first_building Castle |
| 27:51 | Troseitor · age_up castle |
| 28:24 | Troseitor · first_market_buy 100 wood |
| 28:49 | Voobly · wall_segment Stone Wall x1 |
| 28:54 | Troseitor · first_building Castle |
| 29:01 | Namzer · first_building Castle |
| 29:21 | Namzer · first_building Monastery |
| 29:40 | SarilarinSulo · first_building Stable |
| 30:00 | TioJota · age_up castle |
| 30:39 | Voobly · wall_segment Stone Wall x4 |
| 31:06 | jcarroll10 · first_building Archery Range |
| 32:17 | SarilarinSulo · age_up imperial |
| 32:34 | TioJota · first_building Monastery |
| 33:07 | KRISTO · age_up imperial |
| 33:56 | Namzer · first_building Stable |
| 35:10 | SarilarinSulo · first_market_buy 100 food |
| 35:28 | Troseitor · first_building Siege Workshop |
| 36:15 | KRISTO · first_building Stable |
| 36:48 | jcarroll10 · first_market_sell 100 food |
| 37:02 | TioJota · first_building Castle |
| 37:29 | Voobly · age_up imperial |
| 37:51 | PorT_BarroZo · age_up imperial |
| 37:51 | Troseitor · age_up imperial |
| 39:47 | KRISTO · first_market_sell 100 food |
| 39:51 | Namzer · wall_segment Stone Wall x5 |
| 39:52 | Namzer · wall_segment Stone Wall x3 |
| 39:53 | Namzer · wall_segment Stone Wall x3 |
| 40:08 | jcarroll10 · age_up imperial |
| 40:28 | Voobly · first_building Castle |
| 41:08 | Namzer · age_up imperial |
| 41:58 | TioJota · age_up imperial |
| 43:48 | Troseitor · wall_segment Stone Wall x7 |
| 44:09 | Troseitor · wall_segment Stone Wall x13 |
| 44:10 | TioJota · wall_segment Stone Wall x16 |
| 45:36 | Voobly · wall_segment Stone Wall x2 |
| 47:37 | Troseitor · first_building Barracks |
| 49:36 | Namzer · wall_segment Stone Wall x5 |
| 50:25 | TioJota · wall_segment Stone Wall x14 |
| 52:13 | Namzer · wall_segment Stone Wall x5 |
| 52:16 | Namzer · wall_segment Stone Wall x8 |
| 52:18 | Namzer · wall_segment Stone Wall x8 |
| 52:19 | Namzer · wall_segment Stone Wall x3 |
| 54:15 | TioJota · resign |
| 58:30 | jcarroll10 · wall_segment Palisade Wall x26 |
[ AI ANALYSIS · 1 CREDIT ]
What really happened in this match?
Wolo.gg analyzes every decision: build order, eco, micro, common mistakes by bracket. Personalized analysis on WhatsApp or Discord in 30 seconds.
Civ guide
Koreans
Map guide
Black Forest
Perfil
PorT_BarroZo